Map: 升格之链

Players

斗鱼夏遇初临

  • Race: Zerg Zerg
  • League: Diamond
  • Spawn Location: 11:00

二年级二班永亮

  • Race: Terran Terran
  • Spawn Location: 11:00

VOD

Have the link to the VOD?

Description

Time

  • Played on: March 1, 2018, 12:31 a.m.
  • Length: 14:53
Show
View Real Time Build Order
Export as new Build Order

斗鱼夏遇初临 Zerg 

Build Orders:  

Get SALT Encoding   

  12  0:03  Drone  
  13  0:14  Drone  
  14  0:25  Overlord  
  14  0:37  Drone, Extractor  
  14  0:44  Drone, Extractor  
  14  0:50  Drone  
  15  1:01  Drone  
  16  1:16  Drone  
  17  1:32  Drone  
  17  1:35  Spawning Pool  
  17  1:47  Drone  
  18  2:01  Drone  
  18  2:09  Lair  
  19  2:20  Drone  
  20  2:31  Drone  
  21  2:47  Drone  
  22  3:10  Nydus Network  
  22  3:13  Drone  
  22  3:14  Hive  
  22  3:30  Evolution Chamber  
  22  3:31  Overlord  
  22  3:35  Drone  
  22  4:01  Omega Worm  
  22  4:19  Ability Efficiency  
  22  4:30  Overlord, Queen  
  24  4:55  Drone  
  24  4:56  Drone  
  26  5:01  Drone, Hydralisk Den  
  26  5:02  Drone  
  26  5:04  Nydus Network  
  26  5:06  Drone  
  26  5:07  Heroic Fortitude  
  27  5:23  Drone  
  28  5:31  Chain Reaction  
  28  5:40  Overlord  
  28  5:49  Omega Worm  
  28  5:55  Drone  
  28  5:57  Frenzy  
  29  6:12  Zerg Missile Weapons Level 1  
  29  6:17  Hatchery  
  28  6:35  Omega Worm  
  28  6:37  Drone x2  
  30  6:45  Muscular Augments  
  30  6:50  Drone x2  
  30  6:52  Overlord x2  
  38  7:04  Hydralisk  
  38  7:05  Hydralisk x2  
  38  7:09  Ancillary Carapace  
  40  7:11  Hydralisk  
  40  7:16  Zerg Ground Armor Level 1  
  40  7:39  Overseer x2  
  40  7:45  Omega Worm  
  52  8:11  Hydralisk x4  
  52  8:12  Hydralisk x2  
  52  8:34  Overlord  
  52  8:35  Zergling x4  
  52  8:36  Hydralisk x2  
  58  8:49  Zergling  
  58  8:50  Zergling x2  
  58  8:51  Zergling  
  58  8:52  Zergling  
  58  8:54  Zergling  
  58  8:55  Zergling x2  
  58  9:06  Overlord  
  58  9:08  Hydralisk x3  
  64  9:15  Omega Worm  
  59  9:20  Omega Worm  
  59  9:22  Hydralisk, Zergling  
  59  9:27  Zergling  
  52  9:32  Zergling  
  52  9:34  Zergling  
  52  9:36  Hydralisk  
  52  9:37  Zergling x2  
  55  9:49  Hydralisk  
  57  9:51  Zergling x2  
  57  9:55  Zerg Missile Weapons Level 2  
  58  10:17  Hydralisk, Zergling  
  58  10:18  Zergling  
  60  10:23  Zergling  
  60  10:26  Overlord  
  60  10:29  Hydralisk, Zergling  
  62  10:38  Omega Worm  
  66  10:53  Hydralisk x2  
  66  10:54  Hydralisk  
  60  11:16  Hydralisk  
  60  11:17  Hydralisk  
  60  11:18  Overlord x2  
  60  11:26  Hydralisk  
  60  11:27  Hydralisk x5  
  60  11:29  Overlord  
  72  11:43  Omega Worm  
  78  12:01  Hydralisk x2  
  78  12:02  Hydralisk  
  80  12:11  Hydralisk  
  80  12:29  Omega Worm  
  80  12:47  Omega Worm  
  80  12:56  Hydralisk x2  
  80  12:57  Hydralisk  
  86  13:20  Hydralisk x3  
  88  13:32  Hydralisk  
  88  13:37  Hydralisk  
  90  13:44  Zergling x4  
  90  13:48  Omega Worm  
  90  13:49  Hydralisk  
  98  14:01  Omega Worm  
  98  14:02  Hydralisk x4  
Show
View Real Time Build Order
Export as new Build Order

二年级二班永亮 Terran 

Build Orders:  

Get SALT Encoding   

  12  0:08  SCV  
  13  0:44  SCV  
  14  1:01  SCV  
  15  3:57  SCV  
  15  14:19  SCV  
  14  14:36  SCV  
Tags
 
League
Diamond
Matchup
Co-op
Replay Pack
Co-op Speedrun
Add a new tag
Caveats
  • Supply blocks, unpowered buildings, or Contaminate may cause inaccurate times.
  • Supply counts are checked every 10 seconds.